 Dungeon Crawl Stone Soup version 0.25.1-2-g60ff931df9 (webtiles) character file.

Game seed: 4818695694064515018

581 DearestLeader the Ruffian (level 7, 0/50 HPs)
             Began as a Demonspawn Gladiator on Oct 24, 2020.
             Slain by a worker ant (1 damage)
             ... on level 6 of the Dungeon.
             The game lasted 00:10:14 (5851 turns).

DearestLeader the Ruffian (Demonspawn Gladiator)    Turns: 5851, Time: 00:10:14

Health: 0/50       AC: 21    Str: 15 (16) XL:     7   Next: 13%
Magic:  7/7        EV:  7    Int:  8 (9)  God:
Gold:   244        SH:  0    Dex: 13 (15) Spells: 6/6 levels left

rFire    . . .     SeeInvis .   a - +1 war axe
rCold    . . .     Gourm    .   (no shield)
rNeg     . . .     Faith    .   e - +0 chain mail
rPois    .         Spirit   .   c - +1 helmet
rElec    .         Reflect  .   (no cloak)
rCorr    .         Harm     .   (no gloves)
MR       .....                  (no boots)
Stlth    ..........             (no amulet)
HPRegen  0.16/turn              (no ring)
MPRegen  0.10/turn              (no ring)

@: lethally poisoned (0 -> -2), vulnerable, sanguine armour, flying
A: claws 1, demonic guardian 1, deterioration 1, sense surroundings 1, shaggy
fur 1, sanguine armour 2
a: no special abilities


You were on level 6 of the Dungeon.
You were near starving.

You visited 2 branches of the dungeon, and saw 7 of its levels.

You collected 244 gold pieces.

Inventory:

Hand Weapons
 a - a +1 war axe (weapon)
Missiles
 d - 3 throwing nets
 k - 6 poisoned darts (quivered)
Armour
 c - a +1 helmet (worn)
 e - a +0 chain mail (worn)
 j - a +0 ring mail
 l - a +0 scale mail
Jewellery
 q - a cursed ring of attention {unknown}
Wands
 b - a wand of digging (6)
Scrolls
 h - 2 scrolls of blinking
 n - a scroll of remove curse
Comestibles
 f - 10 rations


   Skills:
 - Level 2.0 Fighting
 - Level 3.5 Axes
 - Level 1.7 Throwing
 + Level 3.4 Armour
 - Level 3.0 Dodging
 * Level 5.0 Unarmed Combat


You had 6 spell levels left.
You didn't know any spells.
Your spell library contained the following spells:

 Spells                   Type           Power        Failure   Level  Hunger
 Corona                   Hex            #......      100%        1    ##.....
 Ensorcelled Hibernation  Hex/Ice        #.....       100%        2    ###....
 Confusing Touch          Hex            #.......     100%        3    ####...
 Dazzling Flash           Conj/Hex       #.....       100%        3    ####...
 Tukima's Dance           Hex            #.......     100%        3    ####...


Dungeon Overview and Level Annotations

Branches:
Dungeon (6/15)             Temple (1/1) D:4

Altars:
Cheibriados
Elyvilon
Fedhas
Gozag
Kikubaaqudgha
Okawaru
Ru
Trog
Vehumet
Zin
The Shining One

Annotations:
D:5 Sigmund


Innate Abilities, Weirdness & Mutations

You have sharp fingernails.
A weak demonic guardian rushes to your aid.
When seriously injured, your bleeding wounds create thick armour. (AC +9)
Your body sometimes deteriorates upon taking damage.
You passively map a small area around you.
You are covered in fur. (AC +1)


Message History

The worker ant poisons you!
You feel very buoyant.
You fly up into the air.
* * * LOW HITPOINT WARNING * * *
You feel sick.
The worker ant bites you but does no damage.
You hit the worker ant.
The worker ant is moderately wounded.
You hear the slow rusting of a very distant drain.
* * * LOW HITPOINT WARNING * * *
You feel sick. The worker ant barely misses you.
You closely miss the worker ant.
The worker ant is moderately wounded.
The worker ant closely misses you.
The worker ant bites you but does no damage.
You hit the worker ant.
The worker ant is heavily wounded.
* * * LOW HITPOINT WARNING * * *
You feel sick. The worker ant bites you.
You die...

........#
........# * ,
,........#
........#
........#
........# ### ,
........###.#
........Za@## ,
........###5##
,
.......####..#
,......####.###
###....<##.#
#..#....##
#.######.# #.
## ,**


You could see a worker ant, a bullfrog skeleton and a friendly iron imp
(summoned).

Vanquished Creatures
  Duvessa (D:4)
  A centaur (D:5)
  A jelly (D:6)
  An orc priest (D:3)
  A hound (D:4)
  Jessica (D:3)
  A bullfrog skeleton (D:4)
  2 worker ants (D:4)
  2 orc wizards
  4 adders
  2 dart slugs
  3 leopard geckos
  17 orcs
  3 bats
  9 goblins
  5 hobgoblins
  3 jackals (D:4)
  A quokka (D:3)
  7 frilled lizards
  A jackal skeleton (D:4)
  10 kobolds
  4 rats
80 creatures vanquished.

Vanquished Creatures (collateral kills)
  Dowan (D:4)
  An orc wizard (D:3)
  A worker ant (D:4)
  An adder (D:4)
4 creatures vanquished.

Grand Total: 84 creatures vanquished

Notes
Turn   | Place    | Note
-------+----------+-------------------------------------------
     0 | D:1      | DearestLeader the Demonspawn Gladiator began the quest for
                  | the Orb.
     0 | D:1      | Reached XP level 1. HP: 16/16 MP: 1/1
   530 | D:1      | Gained mutation: When seriously injured, your bleeding
                  | wounds create armour. (AC +9) [demonic ancestry]
   530 | D:1      | Reached XP level 2. HP: 12/22 MP: 2/2
  1300 | D:2      | Found a faded altar of an unknown god.
  1314 | D:2      | Gained mutation: You are covered in fur. (AC +1) [potion of
                  | mutation]
  1314 | D:2      | Gained mutation: Your body sometimes deteriorates upon
                  | taking damage. [potion of mutation]
  1314 | D:2      | Gained mutation: You passively map a small area around you.
                  | [potion of mutation]
  1533 | D:2      | Gained mutation: You have sharp fingernails. [demonic
                  | ancestry]
  1533 | D:2      | Reached XP level 3. HP: 24/27 MP: 3/3
  2154 | D:3      | Reached skill level 1 in Armour
  2154 | D:3      | Reached skill level 1 in Unarmed Combat
  2513 | D:3      | Gained mutation: A weak demonic guardian rushes to your
                  | aid. [demonic ancestry]
  2513 | D:3      | Reached XP level 4. HP: 9/33 MP: 4/4
  3061 | D:4      | Noticed Duvessa
  3061 | D:4      | Noticed Dowan
  3090 | D:4      | Killed Duvessa
  3090 | D:4      | Reached skill level 2 in Unarmed Combat
  3090 | D:4      | Gained mutation: When seriously injured, your bleeding
                  | wounds create thick armour. (AC +9) [demonic ancestry]
  3090 | D:4      | Reached XP level 5. HP: 33/38 MP: 5/5
  3107 | D:4      | Killed Dowan
  3107 | D:4      | Reached skill level 3 in Unarmed Combat
  3744 | D:4      | Found a staircase to the Ecumenical Temple.
  3752 | D:4      | Reached XP level 6. HP: 43/44 MP: 6/6
  3758 | Temple   | Entered the Ecumenical Temple
  4033 | D:4      | Found a glowing golden altar of the Shining One.
  4169 | D:4      | Reached skill level 4 in Unarmed Combat
  4966 | D:3      | Noticed Jessica
  4975 | D:3      | Killed Jessica
  5374 | D:5      | Entered Level 5 of the Dungeon
  5396 | D:5      | Reached XP level 7. HP: 26/50 MP: 7/7
  5583 | D:5      | Noticed Sigmund
  5606 | D:6      | Reached skill level 5 in Unarmed Combat
  5848 | D:6      | HP: 2/50 [poisoned by a worker ant]
  5851 | D:6      | Slain by a worker ant

Illustrated notes

Levels and vault maps discovered:
D:1:      minmay_arrival_loop, layout_basic
D:2:      layout_basic, chequers_ecumenical_altar_simple
D:3:      layout_basic, first_ration, uniq_jessica
D:4:      layout_basic, tso_oasis_becter, minmay_temple_entry_antechambers,
          kennysheep_generic_room_7, uniq_duvessa
D:5:      layout_cave_pools, old_standard_altar, uniq_sigmund,
          uniq_crazy_yiuf_cottage
D:6:      layout_layer_cave, regret_index_temple_of_mockery,
          portal_sewer_entry_a
Temple:   dpeg_chambers_temple

Skill      XL: |  1  2  3  4  5  6  7 |
---------------+----------------------+-----
Axes           | 3 |  3.5
Dodging        | 3 |  3.0
Armour         | 1 2 3 |  3.4
Unarmed Combat | 1 2 3 4 5 |  5.0
Fighting       | |  2.0
Throwing       | |  1.7

Action                   |  1- 3 |  4- 6 |  7- 9 || total
-------------------------+-------+-------+-------++-------
Melee: War axe           |   121 |   163 |    30 ||   314
       Punch             |       |       |     2 ||     2
  Use: Potion            |     4 |       |     2 ||     6
       Scroll            |       |     8 |     3 ||    11
 Stab: Invisible         |     1 |       |       ||     1
  Eat: Chunk             |     5 |     9 |       ||    14
Armor: Leather armour    |     9 |       |       ||     9
       Scale mail        |    63 |    11 |       ||    74
       Ring mail         |       |    79 |       ||    79
       Chain mail        |       |     3 |    54 ||    57
       Skin              |       |       |    24 ||    24
Dodge: Dodged            |    81 |   110 |    12 ||   203
